 Dungeon Crawl Stone Soup version 0.18-a0-1026-ge317a7f (webtiles) character file.

294 Jmtri7 the Covert (level 6, 0/43 HPs)
             Began as a Formicid Artificer on Jan 8, 2016.
             Slain by a yak (3 damage)
             ... on level 12 of the Dungeon.
             The game lasted 00:04:31 (503 turns).

Jmtri7 the Covert (Formicid Artificer)               Turns: 503, Time: 00:04:31

Health: 0/43       AC:  3    Str: 15    XL:     6   Next: 60%
Magic:  8/8        EV: 12    Int: 12    God:
Gold:   45         SH:  0    Dex: 13    Spells: 0 memorised, 5 levels left

rFire  . . .     SeeInvis +     a - +0 short sword
rCold  . . .     Gourm    .     b - +0 leather armour
rNeg   . . .     Faith    .     (no shield)
rPois  .         Spirit   .     (helmet unavailable)
rElec  .         Dismiss  .     (no cloak)
rCorr  .         Reflect  .     (no gloves)
SustAt .         Harm     .     (no boots)
MR     .....                    g - amulet of mana regeneration
Stlth  ++++......               (no ring)
                                (no ring)

@: not resistant to hostile enchantments, stealthy
A: permanent stasis, dig shafts and tunnels, four strong arms, antennae 3
a: Dig, Shaft Self


You were on level 12 of the Dungeon.
You were hungry.

You visited 1 branch of the dungeon, and saw 6 of its levels.

You collected 45 gold pieces.

Inventory:

Hand Weapons
 a - a +0 short sword (weapon)
 j - a +0 whip of flaming
Armour
 b - a +0 leather armour (worn)
 o - a +1 robe of positive energy
Jewellery
 g - an amulet of mana regeneration (around neck)
Wands
 c - a wand of flame (3/48)
 d - a wand of enslavement (9/24)
 e - a wand of random effects (15/48)
 n - a wand of random effects (26/48)
Scrolls
 h - a scroll of remove curse {unknown}
 k - a scroll of blinking {unknown}
 l - a scroll of magic mapping {unknown}
 m - a scroll of immolation {unknown}
Comestibles
 f - a bread ration
 i - 3 meat rations


   Skills:
 - Level 1.1 Fighting
 - Level 1.0 Short Blades
 - Level 1.7 Dodging
 + Level 8.1 Stealth
 - Level 3.2 Evocations


You had 5 spell levels left.
You didn't know any spells.

Dungeon Overview and Level Annotations

Branches:
Dungeon (6/15)
 Temple: D:4-7

Altars:

Annotations:
D:2 Jessica
D:6 Duvessa


Innate Abilities, Weirdness & Mutations

You are under a permanent stasis effect.
You can dig through walls and to a lower floor.
Your four strong arms can wield two-handed weapons with a shield.
You have a pair of large antennae on your head (SInv).


Message History

Are you sure you want to shaft yourself?
You feel quite a bit more hungry.
You begin to dig a shaft.
You continue digging a shaft.
A shaft appears beneath you!
You fall through a shaft for 3 floors!
The shaft crumbles and collapses.
A centaur comes into view.
Are you sure you want to shaft yourself?
You are feeling hungry.
You begin to dig a shaft.
You continue digging a shaft.
A shaft appears beneath you!
You fall through a shaft for 3 floors!
The shaft crumbles and collapses. 5 yaks, 2 orcs, 2 orc wizards and a centaur come into view.
The centaur shouts!
The yak bellows! x2
You hear a shout! x2
The orc shouts!
You hear a shout!
The orc wizard shouts!
You hear a shout!
Found a meat ration.
Are you sure you want to shaft yourself?
You feel quite a bit more hungry. The yak gores you.
You die...

..... ##..
.# .......
{ #...#.
....%{{
#..Y####
#.cY.Y####.
#.Y@.......
###.Y...###
#.o##....
#..# ##S
#... .oo..
{.....
#o....


You could see 5 yaks, a centaur, 2 orc wizards, an adder and 2 orcs.

Vanquished Creatures
  2 giant geckos (D:3)
  3 goblins (D:3)
  A rat (D:3)
6 creatures vanquished.

Vanquished Creatures (collateral kills)
  Pikel (D:6)
  A giant frog (D:6)
  Dowan (D:6)
3 creatures vanquished.

Vanquished Creatures (others)
  3 slaves (D:6)
  A giant frog zombie (D:6)
4 creatures vanquished.

Grand Total: 13 creatures vanquished

Notes
Turn   | Place    | Note
--------------------------------------------------------------
     0 | D:1      | Jmtri7 the Formicid Artificer began the quest for the Orb.
     0 | D:1      | Reached XP level 1. HP: 15/15 MP: 3/3
    38 | D:1      | You fall through a shaft!
    47 | D:2      | Noticed Jessica
    57 | D:2      | You fall through a shaft!
   178 | D:3      | Reached XP level 2. HP: 14/21 MP: 4/4
   293 | D:3      | You fall through a shaft for 3 floors!
   410 | D:6      | Noticed Duvessa
   411 | D:6      | Noticed a giant frog
   412 | D:6      | Noticed Dowan
   413 | D:6      | Noticed a slave
   418 | D:6      | Noticed a slave
   422 | D:6      | Noticed Pikel
   423 | D:6      | Killed Dowan
   423 | D:6      | Reached skill level 4 in Stealth
   423 | D:6      | Reached XP level 3. HP: 24/26 MP: 5/5
   426 | D:6      | Killed a giant frog
   426 | D:6      | Reached skill level 5 in Stealth
   426 | D:6      | Reached XP level 4. HP: 29/32 MP: 6/6
   428 | D:6      | Noticed a slave
   431 | D:6      | Noticed a slave
   434 | D:6      | Killed Pikel
   434 | D:6      | Reached skill level 8 in Stealth
   434 | D:6      | Reached XP level 5. HP: 34/37 MP: 7/7
   434 | D:6      | Reached XP level 6. HP: 39/43 MP: 8/8
   443 | D:6      | Killed a freed slave
   447 | D:6      | Killed a freed slave
   465 | D:6      | Killed a freed slave
   486 | D:6      | HP: 1/43 [Duvessa/short sword (9)]
   499 | D:6      | You fall through a shaft for 3 floors!
   502 | D:9      | You fall through a shaft for 3 floors!
   502 | D:12     | Noticed a yak
   502 | D:12     | Noticed a yak
   502 | D:12     | Noticed a yak
   502 | D:12     | Noticed a yak
   502 | D:12     | Noticed a yak
   503 | D:12     | Slain by a yak

Vault maps used:
D:1:      sevenhm_arrival_forest_fort_small_4, minmay_misc_feat_roman,
          grunt_decor_one_mirror
D:2:      wad_floor_pattern_2, okawaru_gym_becter, uniq_jessica, uniq_iyjb
D:3:      overflow_temple_1_default, portal_sewer_entry_e
D:6:      nicolae_ossuary_entry_ruins, minmay_misc_feat_diagonals, uniq_duvessa,
          uniq_grinder, uniq_pikel
D:9:      makhleb_heckhound_becter, nicolae_overflow_hidden_temple,
          kennysheep_orc_monster_closet_entryway, serial_shops, shop_fountains
D:12:     grunt_tengu_nest, kennysheep_small_spiral

Action                   |  1- 3 |  4- 6 || total
-------------------------+-------+-------++-------
Melee: Short sword       |    17 |    12 ||    29
 Abil: Shaft Self        |     3 |     3 ||     6
Evoke: Wand              |     9 |     9 ||    18
